Cogmind - Beta 13 @@@ ROGUE MODE // 2024.07.04 @ 11:10:27 Player: Spoodle Result: Destroyed by G-34 Mercenary with Small Laser Performance ------------- Evolutions (0) 0 Regions Visited (4) 800 Robots Destroyed (31) 155 Value Destroyed (689) 689 Prototype IDs (2) 40 Alien Tech Used (0) 0 Bonus (0) 0 TOTAL SCORE: 1684 Bonus ------- None Cogmind --------- Core Integrity 0/250 Matter 292/300 Energy 100/100 System Corruption 5% Temperature Cool (6) Movement Treading (245) Ox1 Location -9/Mines Parts ------- > --- POWER (1) -------- (None) > --- PROPULSION (2) --- Improved Treads Armored Treads > --- UTILITY (2) ------ Heat Sink High-capacity Storage Unit > --- WEAPON (2) ------- Assault Cannon Gauss Cannon > --- INVENTORY (20) --- Improved Treads Armored Wheel Armored Wheel Medium Storage Unit Large Storage Unit Compact Matter Pod (150) Transport Network Coupler Improved Salvage Targeting Computer Weapon Cycler Improved Trap Extractor (0/6) Medium Laser Medium Laser Medium Laser Gauss Rifle Grenade Launcher Rocket Launcher Mining Laser Stasis Trap (100%) Stasis Trap (100%) Stasis Trap (100%) Peak State ------------ > --- POWER ------------ Deuterium Engine > --- PROPULSION ------- Improved Treads Armored Treads > --- UTILITY ---------- Heat Sink High-capacity Storage Unit > --- WEAPON ----------- Assault Cannon Gauss Cannon > --- INVENTORY -------- Improved Treads Armored Wheel Armored Wheel Medium Storage Unit Large Storage Unit Compact Matter Pod Transport Network Coupler Improved Salvage Targeting Computer Weapon Cycler Improved Trap Extractor Medium Laser Medium Laser Medium Laser Gauss Rifle Grenade Launcher Rocket Launcher Mining Laser Stasis Trap Stasis Trap Stasis Trap [Rating: 20] Favorites ----------- Power Ion Engine Engine Ion Engine Propulsion Light Treads Treads Light Treads Wheel Armored Wheel Utility Heat Sink Device Heat Sink Storage Medium Storage Unit Weapon Medium Laser Energy Gun Medium Laser Energy Cannon Beam Cannon Ballistic Gun Assault Rifle Ballistic Cannon Gauss Cannon Launcher Rocket Launcher Build | -11 -10 -10 -10 -9 ------- Run | Yrd Mat Min Exi Min Slots Evolved . | . . . . . Power . | . . . . . Propulsion . | . . . . . Utility . | . . . . . Weapon . | . . . . . Parts Attached 40 | 7 20 3 1 9 Power 2 | 1 . 1 . . Engine 2 | 1 . 1 . . Core . | . . . . . Reactor . | . . . . . Propulsion 13 | 2 8 . . 3 Treads 9 | 2 4 . . 3 Leg . | . . . . . Wheel 4 | . 4 . . . Hover . | . . . . . Flight . | . . . . . Utility 7 | 2 2 . 1 2 Device 4 | 1 1 . . 2 Storage 3 | 1 1 . 1 . Processor . | . . . . . Hackware . | . . . . . Protection . | . . . . . Artifact . | . . . . . Weapon 18 | 2 10 2 . 4 Energy Gun 6 | 1 3 1 . 1 Energy Cannon 1 | . 1 . . . Ballistic Gun 3 | 1 2 . . . Ballistic Cannon 2 | . . . . 2 Launcher 6 | . 4 1 . 1 Special Weapon . | . . . . . Impact Weapon . | . . . . . Slashing Weapon . | . . . . . Piercing Weapon . | . . . . . Special Melee Weapon . | . . . . . Unidentified Prototypes . | . . . . . Parts Lost 2 | . . . . 2 Power 1 | . . . . 1 Propulsion . | . . . . . Utility . | . . . . . Weapon 1 | . . . . 1 Highest Loss Streak 1 | . . . . 1 To Critical Strikes . | . . . . . Average Slot Usage (%) 98 | . 100 100 100 94 Engine 13 | . 14 14 14 11 Treads 17 | . 26 . . 19 Wheel 10 | . 1 28 28 8 Device 13 | . 14 14 14 13 Storage 14 | . 14 14 14 14 Energy Gun 13 | . 13 14 14 13 Energy Cannon 8 | . 7 14 14 2 Ballistic Gun 3 | . 6 . . . Ballistic Cannon 1 | . . . . 5 Launcher 1 | . . . . 5 Naked Turns . | . . . . . Heaviest Build 57 | 15 22 25 55 57 Greatest Support 46 | 40 46 24 24 46 Greatest Overweight (x) 2 | . . 1 2 2 Average Overweight (x) . | . . . 1 1 Largest Inventory Capacity 20 | 8 10 10 20 20 Average Capacity 12 | 7 9 10 17 20 Most Carried 20 | 6 10 10 12 20 Average Carried 10 | 3 8 9 10 17 Final Capacity 20 | 8 10 10 20 20 Final Carried 20 | 6 10 10 12 20 Class Distribution -------------------- 100% | Mutant Dominant Class ---------------- Mutant | -10/Materials Mutant | -10/Mines Mutant | -10/Exiles Mutant | -9/Mines Resources | -11 -10 -10 -10 -9 ----------- Run | Yrd Mat Min Exi Min Matter Collected 1013 | 331 322 240 10 110 Remotely . | . . . . . Salvage Created 932 | 110 646 36 . 140 Parts 57 | 10 36 . . 11 Haulers Intercepted 2 | . 2 . . . Recyclers Shooed . | . . . . . Parts Field Recycled . | . . . . . Retrieved Matter . | . . . . . Parts Self-Destructed . | . . . . . Prevented . | . . . . . Kills | -11 -10 -10 -10 -9 ------- Run | Yrd Mat Min Exi Min Combat Hostiles Destroyed 25 | . 14 5 . 6 Guns 9 | . 7 1 . 1 Cannons 6 | . 4 1 . 1 AOE 8 | . 2 3 . 3 Classes Destroyed 10 | 3 5 1 . 1 Worker 2 | 1 1 . . . Tunneler 4 | 1 1 . . 2 Hauler 2 | . 2 . . . Recycler 1 | 1 . . . . Operator 1 | . 1 . . . Watcher 1 | . 1 . . . Swarmer 6 | . 3 . . 3 Grunt 13 | . 11 . . 2 Brawler 1 | . . . . 1 Assembled 5 | . . 5 . . Best Kill Streak 4 | 2 3 3 . 4 Combat Bots Only 3 | . 3 3 . 3 Max Kills in Single Turn 4 | 1 2 2 . 4 Gunslinging . | . . . . . Exploded 3 | . 2 2 . 3 Melee . | . . . . . Uniques/NPCs Destroyed . | . . . . . Combat | -11 -10 -10 -10 -9 -------- Run | Yrd Mat Min Exi Min Hostile Shots Fired 94 | . 64 7 . 23 Missed 18 | . 14 2 . 2 Damage Taken 1037 | . 604 67 . 366 Core 251 | . 132 29 . 90 Absorbed by Shields . | . . . . . Core Remaining (%) 100 | 100 . . . . Volleys Fired 91 | 5 63 11 . 12 Largest 2 | 2 2 2 . 2 Hottest 110 | 70 110 110 . 100 Shots Fired 176 | 10 123 20 . 23 Gun 135 | 10 98 9 . 18 Cannon 35 | . 22 9 . 4 Launcher 6 | . 3 2 . 1 Special . | . . . . . Kinetic 47 | 5 38 . . 4 Thermal 123 | 5 82 18 . 18 Explosive 6 | . 3 2 . 1 Electromagnetic . | . . . . . Robot Hit Streak 26 | 8 26 4 . 4 Robot Miss Streak 4 | . 4 1 . 2 Penetration Max . | . . . . . Secondary Targets . | . . . . . Shots Hit Robots 116 | 8 79 12 . 17 Core Hits 48 | 4 28 6 . 10 Critical Kills . | . . . . . Critical Parts Destroyed . | . . . . . Critical Strikes 8 | . 4 1 . 3 Burn 8 | . 4 1 . 3 Melee Attacks . | . . . . . Impact . | . . . . . Slashing . | . . . . . Piercing . | . . . . . Sneak Attacks . | . . . . . Combat Hostiles . | . . . . . Follow-up Attacks . | . . . . . Damage Inflicted 2080 | 98 1243 260 . 479 Guns 1138 | 98 772 88 . 180 Cannons 497 | . 328 87 . 82 Explosions 445 | . 143 85 . 217 Melee . | . . . . . Ramming . | . . . . . Kinetic 446 | 61 303 . . 82 Thermal 1365 | 37 797 175 . 356 Explosive 269 | . 143 85 . 41 Electromagnetic . | . . . . . Impact . | . . . . . Slashing . | . . . . . Piercing . | . . . . . Highest Corruption 5 | . . . . 5 Average Corruption 5 | . . . . 5 Corruption Purged . | . . . . . Corruption Blocked . | . . . . . Effects 7 | . . . . 7 Message Errors 2 | . . . . 2 Data Loss (minor) 4 | . . . . 4 Alerts 1 | . . . . 1 Overload Shots . | . . . . . Overflow Damage 21 | . 11 . . 10 Projectiles . | . . . . . Explosions 21 | . 11 . . 10 Melee . | . . . . . Knockbacks . | . . . . . Impact . | . . . . . Kinetic . | . . . . . Secondary . | . . . . . Self-Inflicted Damage 43 | . 6 . . 37 Shots 2 | . 1 . . 1 Rammed . | . . . . . Targets Rammed . | . . . . . Kicked . | . . . . . Crushed . | . . . . . Highest Temperature 238 | 36 153 105 . 238 Average Temperature 58 | 16 51 39 . 132 Received Heat Transfer 411 | . 327 . . 84 Siege Activations . | . . . . . Robots Corrupted . | . . . . . Combat Hostiles . | . . . . . Parts Fried . | . . . . . Impact Corruptions . | . . . . . Robots Melted 2 | . 1 . . 1 Combat Hostiles 2 | . 1 . . 1 Parts Melted 9 | . 8 . . 1 Heat Transferred 3950 | 111 2331 518 . 990 Parts Sabotaged . | . . . . . Parts Stolen . | . . . . . Parts Stripped . | . . . . . Power Chain Reactions . | . . . . . Alert | -11 -10 -10 -10 -9 ------- Run | Yrd Mat Min Exi Min Peak Influence 205 | 15 205 70 . 201 Initial 58 | . 9 58 . . Average 64 | 4 98 32 . 23 Maximum Alert Level 1 | . 1 . . 1 Low Security (%) 97 | 100 98 100 . 93 Level 1 2 | . 1 . . 6 Level 2 . | . . . . . Level 3 . | . . . . . Level 4 . | . . . . . Level 5 . | . . . . . High Security . | . . . . . Max Security . | . . . . . Squads Dispatched 4 | . 3 1 . . Investigation 2 | . 1 1 . . Extermination . | . . . . . Reinforcement 2 | . 2 . . . Assault . | . . . . . Garrison . | . . . . . Intercept . | . . . . . Searches Triggered . | . . . . . Construction Impeded . | . . . . . Haulers Reinforced . | . . . . . Active Scanning Responses . | . . . . . Cargo Convoy Interrupts . | . . . . . Stealth | -11 -10 -10 -10 -9 --------- Run | Yrd Mat Min Exi Min Distress Signals 2 | . 2 . . . Communications Jammed . | . . . . . Distress Signals . | . . . . . Times Spotted 46 | . 33 5 . 8 Peak Tracking Total 3 | . 3 3 . 3 Tactical Retreats 3 | . 2 . . 1 Traps | -11 -10 -10 -10 -9 ------- Run | Yrd Mat Min Exi Min Traps Triggered 2 | . . . . 2 Indirectly . | . . . . . Trap Hack Attempts . | . . . . . Triggered . | . . . . . Disarmed 6 | . 6 . . . Reprogrammed . | . . . . . Reused . | . . . . . Traps Extracted 1 | . . . . 1 Installed 1 | . . . . 1 Triggered . | . . . . . Most Traps Carried 3 | . . . . 3 Machines | -11 -10 -10 -10 -9 ---------- Run | Yrd Mat Min Exi Min Machines Disabled 4 | . 1 . . 3 Max in Single Turn 3 | . 1 . . 3 Machines Repaired . | . . . . . Machines Dismantled . | . . . . . Machines Sabotaged . | . . . . . Overloaded Fab Kills . | . . . . . Hacking | -11 -10 -10 -10 -9 --------- Run | Yrd Mat Min Exi Min Machines Accessed 9 | . 6 1 1 1 Terminals 5 | . 5 . . . Fabricators . | . . . . . Repair Stations . | . . . . . Recycling Units 1 | . 1 . . . Scanalyzers . | . . . . . Garrison Access . | . . . . . Total Hacks 23 | . 20 1 1 1 Successful 16 | . 13 1 1 1 Failed 7 | . 7 . . . Catastrophic . | . . . . . Database Lockouts . | . . . . . Manual 17 | . 17 . . . Terminals 18 | . 18 . . . Fabricators . | . . . . . Repair Stations . | . . . . . Recycling Units 2 | . 2 . . . Scanalyzers . | . . . . . Garrison Access . | . . . . . Terminal Hacks 10 | . 7 1 1 1 Record 1 | . . . 1 . Robot Analysis 4 | . 4 . . . Prototype ID Bank 1 | . 1 . . . Open Door 2 | . . 1 . 1 Alert Level 1 | . 1 . . . Disarm Traps 1 | . 1 . . . Fabricator Hacks . | . . . . . Repair Station Hacks . | . . . . . Recycling Unit Hacks 1 | . 1 . . . Report Inventory 1 | . 1 . . . Scanalyzer . | . . . . . Garrison Access Hacks . | . . . . . Unauthorized Hacks 5 | . 5 . . . Terminals 4 | . 4 . . . Track 1 | . 1 . . . Botnet 3 | . 3 . . . Fabricators . | . . . . . Repair Stations . | . . . . . Recycling Units 1 | . 1 . . . Tunnel 1 | . 1 . . . Scanalyzers . | . . . . . Garrison Access . | . . . . . Data Cores Recovered . | . . . . . Used . | . . . . . Hacking Detections 4 | . 4 . . . Full Trace Events 3 | . 3 . . . Feedback Events . | . . . . . Feedback Blocked . | . . . . . Robot Schematics Acquired . | . . . . . Robots Built . | . . . . . Authchips . | . . . . . Time . | . . . . . Total Robot Build Rating . | . . . . . Part Schematics Acquired . | . . . . . Parts Built . | . . . . . Authchips . | . . . . . Time . | . . . . . Total Part Build Rating . | . . . . . Parts Repaired . | . . . . . Time . | . . . . . Parts Recycled . | . . . . . Recycled Matter . | . . . . . Retrieved Matter . | . . . . . Retrieved Components . | . . . . . Parts Scanalyzed . | . . . . . Part Schematics Acquired . | . . . . . Parts Damaged . | . . . . . Bothacking | -11 -10 -10 -10 -9 ------------ Run | Yrd Mat Min Exi Min Used RIF Installer . | . . . . . Robots Hacked . | . . . . . Non-combat . | . . . . . Combat . | . . . . . Robot Hacks Applied . | . . . . . Relay Couplers Released . | . . . . . Fabnet Peak Effective % . | . . . . . Robots Rewired . | . . . . . Allies Hacked . | . . . . . Hacks Repelled . | . . . . . Allies | -11 -10 -10 -10 -9 -------- Run | Yrd Mat Min Exi Min Total Allies . | . . . . . Largest Group . | . . . . . Highest-Rated Group . | . . . . . Highest-Rated Ally . | . . . . . Total Orders . | . . . . . Ally Attacks . | . . . . . Total Damage . | . . . . . Kills . | . . . . . Allies Corrupted . | . . . . . Allies Melted . | . . . . . Intel | -11 -10 -10 -10 -9 ------- Run | Yrd Mat Min Exi Min Robot Analysis Total 4 | . 4 . . . Derelict Logs Recovered 3 | . . 2 . 1 Drone Launches . | . . . . . Drone Recoveries . | . . . . . Exploration | -11 -10 -10 -10 -9 ------------- Run | Yrd Mat Min Exi Min Turns Passed 3900 | 153 1890 719 313 825 Spaces Moved 2249 | 77 1035 470 268 399 Core 5 | 5 . . . . Treads 1207 | 72 925 . . 210 Legs . | . . . . . Wheels 1037 | . 110 470 268 189 Hover . | . . . . . Flight . | . . . . . Fastest Speed 50 | 50 85 90 105 120 Average Speed 144 | 152 152 104 115 185 Slowest Speed 245 | 160 160 105 120 245 Overloaded Moves . | . . . . . Propulsion Burnouts . | . . . . . Robots Hopped . | . . . . . Cave-ins Triggered . | . . . . . Exploration Rate (%) 65 | 6 96 95 61 68 Regions Visited 4 Branch Regions 3 Pre-discovered Areas 5 | . 1 3 1 . Known Exits Taken . | . . . . . Unknown Exits Taken 4 | 1 1 1 1 . Scrap Searched 2 | . . 1 . 1 Spaces Dug 4 | . 4 . . . Terrain Destroyed 77 | . 18 21 . 38 Melee . | . . . . . Projectile 1 | . . . . 1 AOE 76 | . 18 21 . 37 Terrain Rammed . | . . . . . Walls Destroyed . | . . . . . Machines Disabled . | . . . . . Actions | -11 -10 -10 -10 -9 --------- Run | Yrd Mat Min Exi Min Total 2726 | 99 1220 677 271 459 Wait 297 | 5 81 187 . 24 Move 2245 | 76 1034 469 267 399 Hop . | . . . . . Pick Up 29 | 6 8 3 2 10 Fast Attach 15 | 7 6 1 . 1 Attach 1 | . . . . 1 Detach 1 | . . . . 1 Swap 24 | . 14 2 1 7 Drop 22 | . 14 4 1 3 Fire 91 | 5 63 11 . 12 Melee . | . . . . . Ram . | . . . . . Kick . | . . . . . Crush . | . . . . . Escape Stasis . | . . . . . Rewire . | . . . . . Trap 1 | . . . . 1 Miscellaneous . | . . . . . Route ------- -11/Scrapyard -10/Materials (discovered 5 exits: [*Mat x3] / *Min x2) -10/Mines (discovered 3 exits: [*Mat x2] / *Exi) -10/Exiles -9/Mines History --------- Turn | Location | Event 12 | -11/Scrapyard | Discovered new exit (range 16) 154 | -11/Scrapyard | Entered Materials 154 | -10/Materials | Discovered new exit (range 14) 307 | -10/Materials | Build established: Mutant 827 | -10/Materials | Discovered new exit (range 7) 993 | -10/Materials | Discovered new exit (range 14) 1153 | -10/Materials | Core integrity fell below 50% 1213 | -10/Materials | Discovered new exit (range 15) 1552 | -10/Materials | Discovered new exit (range 12) 2044 | -10/Materials | Entered Mines 2046 | -10/Mines | Met a Derelict shopkeep closing up shop 2090 | -10/Mines | Discovered new exit (range 15) 2120 | -10/Mines | Met a Derelict bent on vengeance 2154 | -10/Mines | Assembled infested the area 2159 | -10/Mines | Assisted by a Guerilla fighting off Assembled 2433 | -10/Mines | Learned location of Zion (-6) 2530 | -10/Mines | Learned location of Storage (-9) 2707 | -10/Mines | Discovered new exit (range 7) 2714 | -10/Mines | Deemed a non-threat by the Exiles lab entrance 2759 | -10/Mines | Discovered new exit (range 5) 2763 | -10/Mines | Entered Exiles 2789 | -10/Exiles | Met 8R-AWN 2807 | -10/Exiles | Met EX-HEX 2901 | -10/Exiles | Met EX-BIN 2920 | -10/Exiles | Met EX-DEC 3066 | -10/Exiles | Discovered new exit (range 10) 3076 | -10/Exiles | Entered Mines 3129 | -9/Mines | Received a Rocket Launcher from a helpful Derelict 3166 | -9/Mines | Learned Materials security intel 3182 | -9/Mines | Met a Derelict who couldn't figure out how to use a Trap Extractor 3261 | -9/Mines | Found a hidden stash of uninstalled traps 3345 | -9/Mines | Core integrity fell below 20% 3901 | -9/Mines | Destroyed by G-34 Mercenary with Small Laser Last Messages --------------- 03455_ K-01 Serf collects debris. 03476_ R-06 Scavenger collects Wheel. 03478_ K-01 Serf collects debris. 03528_ Acquired 13 matter. 03537_ Acquired 4 matter. 03674_ K-01 Serf collects debris. 03677_ Acquired Stasis Trap. 03680_ K-01 Serf collects debris. 03681_ Acquired Stasis Trap. 03693_ K-01 Serf collects debris. 03759_ Deuterium Engine destroyed. 03759_ System corrupted by crushing effect (+5). 03760_ B-36 Bruiser destroyed. 03763_ System corrupted: Component data lost. 03763_ Acquired 27 matter. 03765_ Acquired 2 matter. 03779_ System corrupted: Component data lost. 03845_ LTHDL1VLVX|ZUGY>,B N|A/LZ 03868_ 3ARE4LGN O,PT0KB9E9/A QT 03896_ System corrupted: IFF burst signal emitted. Map ----- +----------------------------------------------------+ | # #??????# #?# #?## ###????# | | # #?????## ## ### ### ##???# | | # #????## ## #??# #### | | # #?#### ## #?# ????? | | # ### & ############ ##?# ?????? | | # ## ### #??????????## ####?# ??????? | | # ## #?# #???????????# "#### #???### | | # ### ##?## #???????????# % #???# | | # #?### #???####???######### #### #???# # | | # #???## ##?###?????# ####? #??# # | | # #????## ## ##????# "" #???? #??# # | | # #?????## #????# "" %# #?????????# # | | # #??????# #????# "" # #?????????# # | | # #??????# ##????# # #?????????# # | | # #??????## ##?????# # #???#####?# # | | # #???????## #??????# # #??## ### # | | # #????????## #??????############ #??# # | | # ####??????# #??????????????#### #### # | | # #?????## ##??????????##### # | | #### #????## ##?????????## #### # | | ???# #???## #?????????# #######?## | | ???# ##### #?????????# """ ### ##?# | | ???# #??????#####g""" #?## | | ???###### ##??????# """ #??? | | ????????## ##???????# ### #??? | | ?????????######????????# @##### ##?## #??? | | ??????????????????????## ##??## ##????# ##??? | | ???????????????????#### #???#####?????? #???? | | ????????????######## #???????????????##???? | | ????????????# #????????????????????? | | ?????????????# ##?????????????????????? | | ?????????????#### ##??????????????????????? | | ????????????????## ##???????????????????????? | | ?????????????????## #????????????????????????? | | ??????????????????# #????????????????????????? | | ??????????????????## #????????????????????????? | | ???????????????????## ##????????????????????????? | | ????????????????????####?????????????????????????? | | ?????????????????????????????????????????????????? | | ?????????????????????????????????????????????????? | | ?????????????????????????????????????????????????? | | ?????????????????????????????????????????????????? | | ?????????????????????????????????????????????????? | | ?????????????????????????????????????????????????? | | ?????????????????????????????????????????????????? | | ?????????????????????????????????????????????????? | | ?????????????????????????????????????????????????? | | ?????????????????????????????????????????????????? | | ?????????????????????????????????????????????????? | | ?????????????????????????????????????????????????? | +----------------------------------------------------+ Best States ------------- Heat Dissipation 35 Energy Generation 14 Energy Capacity 275 Matter Stores 300 Matter Capacity 300 Sight Range 16 Terrain Scan Density 10 Evasion (%) 43 Recoil Reduction 2 Trap Extractor Capacity 6 Item Schematics ----------------- None Robot Schematics ------------------ None Fabricated ------------ Nothing Alien Tech Used ----------------- None Achievements -------------- None Challenges ------------ None Game ------ Seed DispersionWarpProjector Manual? 0 Play Time 00:28:18 Cumulative 111.0 hours Start 2024.07.04 @ 10:45:08 End 2024.07.04 @ 11:10:27 Sessions 1 Manual Loads 0 Difficulty Rogue Special Mode None Game No. 57 Rogue 57 Adventurer 0 Explorer 0 Win Type - Total 2 Types 2/0/0/0/0/0/0/0/0 Lore% 55 Gallery% 60 Achievement% 47 Wizard Run 0 Options --------- Layout 0 ASCII 0 Keyboard 0 Movement Mouse Keybinds 0 Fullscreen 2 Font 18/SmallcapsGlow Map View 76x50 Zoom Use 0% Tactical HUD 1 Map Filters NONE Filters NONE Steam 1 RUN: d81c9b7d-369c-41ec-9163-dc9fbb1fd6e5